 Dungeon Crawl Stone Soup version 0.29.0-10-g45618ea6d2 (webtiles) character file.

Game seed: 14614354277207064968

62006 robertstho the Brawler (level 15, -7/73 HPs)
             Began as a Vine Stalker Berserker on Sept 1, 2022.
             Was a High Priest of Trog.
             Killed by divine providence
             ... invoked by Saint Roka
              (12 damage)
             ... on level 2 of the Orcish Mines.
             The game lasted 00:29:45 (16632 turns).

robertstho the Brawler (Vine Stalker Berserker)    Turns: 16632, Time: 00:29:48

Health: -7/73      AC: 28    Str: 26    XL:     15   Next: 4%
Magic:  0/26       EV:  9    Int: 12    God:    Trog [*****.]
Gold:   1700       SH:  8    Dex: 15    Spells: 14/14 levels left

rFire   . . .      SeeInvis .     - Unarmed
rCold   . . .      Faith    .   Y - +1 buckler {reflect}
rNeg    . . .      Spirit   +   G - +0 plate armour
rPois   .          Reflect  +   H - +3 hat of Pondering {ponderous, Will+ MP+10 Int+5}
rElec   .          Harm     .   g - scarf {repulsion}
rCorr   .          Rampage  .   v - +2 pair of gloves
Will    ++...                   (no boots)
Stlth   ..........              V - amulet of regeneration
HPRegen 1.82/turn               T - +4 ring of protection
MPRegen 0.20/turn               O - +4 ring of protection

@: on berserk cooldown, slowed, repel missiles, very slow
A: fangs 3, regeneration 1, magic shield, antimagic bite, no potion heal 2
a: Renounce Religion, Berserk, Trog's Hand, Brothers in Arms


You were on level 2 of the Orcish Mines.
You worshipped Trog.
Trog was extremely pleased with you.
You visited 3 branches of the dungeon, and saw 18 of its levels.
You also visited: Ossuary and Ice Cave.

You collected 1872 gold pieces.
You spent 172 gold pieces at shops.

Inventory:

Hand Weapons
 E - the +7 hand axe of Gravity {vorpal, +Blink rElec}
   (Trog gifted it to you on level 5 of the Lair of Beasts)

   It inflicts extra damage upon your enemies.
   rElec:     It insulates you from electricity.
   +Blink:    It lets you blink.
 I - a +0 long sword of flaming
 R - a +2 demon blade of freezing
Armour
 g - a scarf of repulsion (worn)
 r - a +1 kite shield of protection
 u - +0 acid dragon scales
 v - a +2 pair of gloves (worn)
 G - a +0 plate armour (worn)
 H - the +3 hat of Pondering (worn) {ponderous, Will+ MP+10 Int+5}
   (You took it off Gastronok on level 1 of the Lair of Beasts)

   Int:       It affects your intelligence (+5).
   MP:        It affects your magic capacity (+10).
   Will:      It increases your willpower.
 Y - a +1 buckler of reflection (worn)
Jewellery
 c - a +4 ring of evasion
 x - a ring of fire
 K - a ring of see invisible
 M - a ring of ice
 N - a ring of fire
 O - a +4 ring of protection (right hand)
 P - a ring of ice
 Q - a ring of positive energy
 T - a +4 ring of protection (left hand)
 V - an amulet of regeneration (around neck)
Wands
 q - a wand of polymorph (4)
 s - a wand of charming (8)
 t - a wand of flame (39)
 F - a wand of roots (1)
 S - a wand of quicksilver (5)
Scrolls
 h - 2 scrolls of fear
 j - 5 scrolls of blinking
 l - 3 scrolls of enchant armour
 n - 3 scrolls of teleportation
 w - a scroll of fog
 y - 2 scrolls of noise
 A - 2 scrolls of silence
 J - 4 scrolls of poison {unknown}
 L - 3 scrolls of acquirement {unknown}
 U - a scroll of vulnerability {unknown}
 W - a scroll of summoning {unknown}
 X - a scroll of brand weapon
 Z - a scroll of magic mapping
Potions
 a - 3 potions of haste
 b - 6 potions of curing
 d - 4 potions of lignification {unknown}
 e - 4 potions of ambrosia {unknown}
 f - 3 potions of degeneration {unknown}
 i - 6 potions of heal wounds {unknown}
 k - 5 potions of brilliance {unknown}
 m - 5 potions of invisibility {unknown}
 o - 3 potions of resistance {unknown}
 p - 9 potions of attraction {unknown}
 z - 2 potions of flight
 B - 6 potions of mutation
 C - 5 potions of magic
 D - 3 potions of might


   Skills:
 + Level 5.9 Fighting
 + Level 9.2 Armour
 + Level 5.5 Dodging
 + Level 3.2 Stealth
 + Level 11.1 Shields
 + Level 18.6 Unarmed Combat
 + Level 1.0 Evocations


You had 14 spell levels left.
You didn't know any spells.
Your spell library was empty.

Dungeon Overview and Level Annotations

Branches:
Dungeon (11/15)            Temple (0/1) D:7            Lair (5/5) D:10
  Swamp (0/4) Lair:3       Spider (0/4) Lair:2        Slime (0/5) Lair:5
    Orc (2/2) D:10        Ossuary (visited)           IceCv (visited)
    Elf: Orc:2

Altars:
Ashenzari
Elyvilon
Gozag
Hepliaklqana
Kikubaaqudgha
Qazlal
Sif Muna
Trog
The Shining One
Jiyva

Shops:
D:7 [   Orc:1 (   Orc:2 [(

Annotations:
D:9 5 transporters
Orc:1 2 transporters, casanoah's ghost, adept DjHW
Orc:2 Saint Roka


Innate Abilities, Weirdness & Mutations

You have razor-sharp teeth.
Your natural rate of healing is unusually fast.
When hurt, damage is shared between your health and your magic reserves.
Your bite disrupts and absorbs the magic of your enemies.
Potions cannot restore your health.


Message History

The orc dies!
Trog accepts your kill.
Unknown command.
Found a roughly hewn altar of Beogh.
The orc priest casts a cantrip, but nothing happens.
You block the orc's attack.
Saint Roka hits you with a +0 vorpal great mace!
Your deep troll closely misses the orc warrior.
Your deep troll claws the orc warrior!
Your deep troll barely misses the orc warrior.
Things that are here:
a +0 hand axe; a +0 ring mail; an orc corpse You closely miss the orc.
Your deep troll misses the orc warrior.
Your deep troll claws the orc warrior.
Your deep troll claws the orc warrior!!
The orc warrior dies!
Trog accepts your kill.
The orc priest invokes the aid of Beogh against you.
Beogh smites you!
* * * LOW HITPOINT WARNING * * *
Saint Roka hits you with a +0 vorpal great mace!!
* * * LOW HITPOINT WARNING * * *
x2
Things that are here:
a +0 dagger; a +0 leather armour Unknown command.
You feel a strong urge to attack something.
Saint Roka invokes the aid of Beogh against you.
Beogh smites you!
* * * LOW HITPOINT WARNING * * *
Your deep troll bites the orc.
Your deep troll barely misses the orc.
Your deep troll claws the orc.
The orc dies!
Trog accepts your kill.
Items here: )) [[ †.
You are no longer berserk.
You are exhausted.
You feel yourself slow down.
The orc hits your deep troll with a +0 club.
Saint Roka mumbles some strange prayers to Beogh against you.
Beogh smites you!
You die...

........###.#.#######
....................##
##.......##########..#
.#.....###. ##.## ∩#....## #..
#..# .#....#∩ #.. ####.## ###
##...##.8##'###+##8.#..#####.###
)'...#......oo).....'.8.#......##
)#...#_.....o8T)@)..'...........#
.#...#......o)))).).))8....#.#.##
##...##.8##'###)##8)#.)#.......##
......# #. #...####.#....#....#
......## # #...# #......#....##
.......### #...###.##.#.##.###
.....#...##########..###.......##
......#.............#####.#.....#
#............##.#######........##


You could see Saint Roka, 2 orc priests, an orc (strong, ally target) and a
friendly deep troll (summoned, berserk).

Vanquished Creatures
  Gastronok (Lair:1)
  A frost giant (Orc:1)
  3 ettins (Orc:1)
  Fannar (D:10)
  A boulder beetle (Lair:5)
  4 hydras
  Erica (D:10)
  11 death yaks
  A two-headed ogre (D:8)
  Sonja (Lair:1)
  A bog body (Lair:3)
  An orc knight (Orc:1)
  2 stone giant zombies (Orc:1)
  2 ugly things (IceCv)
  14 cyclopes
  3 black mambas
  2 ice statues (IceCv)
  8 cane toads
  A torpor snail (Lair:1)
  Maggie (D:9)
  10 komodo dragons
  5 rime drakes
  An anaconda simulacrum (IceCv)
  3 trolls (Orc:1)
  5 hornets
  6 polar bears
  Prince Ribbit (D:7)
  9 dream sheep
  9 blink frogs
  13 spriggans (Lair:5)
  3 wraiths
  3 wyverns
  37 yaks
  Eustachio (D:4)
  4 basilisks
  A steam dragon (D:7)
  A redback (Lair:2)
  Menkaure (D:4)
  4 wargs (Orc:1)
  An acid dragon (D:9)
  13 water moccasins
  14 orc warriors
  6 black bears
  A sky beast (D:8)
  2 ice beasts
  5 ogres
  58 wolves
  5 boggarts (Lair:5)
  A centaur (D:9)
  3 elf zombies (D:8)
  10 bullfrogs
  3 kobold brigands
  3 scorpions
  3 gnoll sergeants
  A water moccasin zombie (Ossuary)
  2 cyclops zombies (Orc:1)
  2 elf skeletons (D:8)
  8 wights
  6 killer bees (D:7)
  2 elephant simulacra (IceCv)
  3 howler monkeys
  3 hounds
  2 jellies (D:6)
  6 orc priests
  12 orc wizards
  3 human skeletons (D:8)
  An iguana (D:6)
  Ijyb (D:4)
  14 hell rats (Lair:5)
  A wolf simulacrum (IceCv)
  2 mummies (Ossuary)
  12 gnolls
  6 adders
  A shadow imp (D:5)
  A white imp (D:7)
  4 ufetubi
  7 adder zombies (Ossuary)
  4 worms
  A dart slug (D:3)
  66 orcs
  12 ball pythons
  6 endoplasms
  3 giant cockroaches
  A gnoll zombie (Ossuary)
  10 goblins
  9 hobgoblins
  5 jackals
  5 quokkas
  9 bats
  3 frilled lizards
  7 hobgoblin zombies (Ossuary)
  29 kobolds
  3 kobold zombies (Ossuary)
  3 orc skeletons (D:8)
  6 orc zombies (Ossuary)
  6 rats
593 creatures vanquished.

Vanquished Creatures (collateral kills)
  A yak (Lair:5)
  A warg (Orc:2)
  4 orc warriors (Orc:2)
  3 wolves (Lair:5)
  An orc wizard (Orc:2)
  4 orcs (Orc:2)
14 creatures vanquished.

Vanquished Creatures (others)
  An orc (D:7)
  23 fungi
  89 plants
113 creatures vanquished.

Grand Total: 720 creatures vanquished

Notes
Turn   | Place    | Note
-------+----------+-------------------------------------------
     0 | D:1      | robertstho the Vine Stalker Berserker began the quest for
                  | the Orb.
     0 | D:1      | Reached XP level 1. HP: 11/11 MP: 2/2
   192 | D:1      | Reached XP level 2. HP: 5/16 MP: 1/3
   886 | D:1      | Reached XP level 3. HP: 16/20 MP: 2/4
  1225 | D:1      | Found a faded altar of an unknown god.
  1278 | D:1      | Reached ** piety under Trog
  2513 | D:2      | Gained mutation: Your natural rate of healing is unusually
                  | fast. [Vine Stalker growth]
  2513 | D:2      | Reached XP level 4. HP: 16/24 MP: 2/5
  3187 | D:3      | Reached skill level 1 in Stealth
  3190 | D:3      | Reached skill level 4 in Unarmed Combat
  4001 | D:4      | Reached XP level 5. HP: 28/28 MP: 6/6
  4195 | D:4      | Found a bloodstained altar of Trog.
  4207 | D:4      | Reached skill level 5 in Unarmed Combat
  4207 | D:4      | Reached XP level 6. HP: 32/32 MP: 7/7
  4231 | D:4      | Found a white marble altar of Elyvilon.
  4275 | D:4      | Noticed Menkaure
  4279 | D:4      | Killed Menkaure
  4347 | D:4      | Noticed Eustachio
  4348 | D:4      | Noticed Ijyb
  4358 | D:4      | Killed Ijyb
  4368 | D:4      | Killed Eustachio
  4369 | D:4      | Reached skill level 6 in Unarmed Combat
  4369 | D:4      | Reached XP level 7. HP: 36/36 MP: 8/8
  4683 | D:4      | Found a broken altar of Ashenzari.
  4687 | D:4      | Saw a vision of the Swamp and the Spider Nest.
  4687 | D:4      | Noticed a culicivora
  4687 | D:4      | Noticed a redback
  4687 | D:4      | Noticed a demonic crawler
  4687 | D:4      | Noticed a sun moth
  4687 | D:4      | Noticed a steelbarb worm
  4687 | D:4      | Noticed a demonic crawler
  4687 | D:4      | Noticed a pharaoh ant
  4687 | D:4      | Noticed a jumping spider
  4687 | D:4      | Noticed a steelbarb worm
  4687 | D:4      | Noticed a tarantella
  4687 | D:4      | Noticed a bog body
  4687 | D:4      | Noticed a bunyip
  4687 | D:4      | Noticed a will-o-the-wisp
  4687 | D:4      | Noticed a redback
  4687 | D:4      | Noticed an eight-headed hydra
  4687 | D:4      | Noticed a tyrant leech
  4687 | D:4      | Noticed a goliath frog
  4688 | D:4      | Noticed a demonic crawler
  4689 | D:4      | Noticed a torpor snail
  4689 | D:4      | Noticed a pharaoh ant
  4693 | D:4      | Noticed a boulder beetle
  4693 | D:4      | Noticed a torpor snail
  4800 | D:5      | Entered Level 5 of the Dungeon
  5019 | D:5      | Reached skill level 7 in Unarmed Combat
  5019 | D:5      | Gained mutation: You have razor-sharp teeth. [Vine Stalker
                  | growth]
  5019 | D:5      | Reached XP level 8. HP: 41/42 MP: 9/9
  5130 | D:5      | Reached *** piety under Trog
  5236 | D:5      | Reached skill level 8 in Unarmed Combat
  5659 | D:6      | Found a hazy altar of Hepliaklqana.
  5865 | D:6      | Reached skill level 9 in Unarmed Combat
  5865 | D:6      | Reached XP level 9. HP: 45/45 MP: 10/10
  6124 | D:6      | Found an opulent altar of Gozag.
  6625 | D:7      | Noticed Prince Ribbit
  6649 | D:7      | Killed Prince Ribbit
  6650 | D:7      | Reached skill level 10 in Unarmed Combat
  6684 | D:7      | Found Posen's Antique Armour Shop.
  6703 | D:7      | Bought a runed kite shield for 172 gold pieces
  6766 | D:7      | Found a staircase to the Ecumenical Temple.
  6915 | D:7      | Found a shimmering blue altar of Sif Muna.
  7117 | D:7      | Found a glowing golden altar of the Shining One.
  7295 | D:8      | Reached skill level 1 in Shields
  7316 | D:8      | Found a sand-covered staircase.
  7322 | Ossuary  | Entered an ossuary
  7326 | Ossuary  | Reached **** piety under Trog
  7710 | D:8      | Reached ***** piety under Trog
  7813 | D:8      | Reached XP level 10. HP: 51/51 MP: 11/11
  7844 | D:8      | Reached skill level 11 in Unarmed Combat
  8018 | D:8      | Noticed a two-headed ogre
  8025 | D:8      | Killed a two-headed ogre
  8026 | D:8      | Reached skill level 5 in Armour
  8706 | D:9      | Reached skill level 12 in Unarmed Combat
  8747 | D:9      | Found a transporter.
  8755 | D:9      | Noticed Maggie
  8771 | D:9      | Killed Maggie
  8795 | D:9      | Found a stormy altar of Qazlal.
  8937 | D:9      | Found a transporter.
  8955 | D:9      | Found a transporter.
  8961 | D:9      | Found a transporter.
  9215 | D:9      | Found a transporter.
  9216 | D:9      | Found a transporter.
  9291 | D:10     | Entered Level 10 of the Dungeon
  9294 | D:10     | Noticed Erica
  9295 | D:10     | Noticed Fannar
  9303 | D:10     | Killed Erica
  9304 | D:10     | Reached XP level 11. HP: 43/54 MP: 7/12
  9387 | D:10     | Found a staircase to the Lair.
  9421 | D:10     | Reached skill level 5 in Shields
  9550 | D:10     | Killed Fannar
  9551 | D:10     | Reached skill level 13 in Unarmed Combat
  9584 | D:10     | Found an ancient bone altar of Kikubaaqudgha.
  9607 | D:10     | Found a staircase to the Orcish Mines.
 10021 | D:11     | Noticed a tengu warrior
 10093 | Lair:1   | Entered Level 1 of the Lair of Beasts
 10197 | Lair:1   | Noticed Gastronok
 10212 | Lair:1   | Killed Gastronok
 10344 | Lair:1   | Noticed Sonja
 10349 | Lair:1   | Killed Sonja
 10350 | Lair:1   | Reached skill level 5 in Fighting
 10360 | Lair:1   | Reached skill level 5 in Dodging
 10412 | Lair:1   | Reached XP level 12. HP: 60/60 MP: 13/13
 10672 | Lair:1   | Reached skill level 14 in Unarmed Combat
 10677 | Lair:1   | Reached skill level 1 in Evocations
 11114 | Lair:2   | Found a hole to the Spider Nest.
 11150 | Lair:2   | Noticed a four-headed hydra
 11162 | Lair:2   | Killed a four-headed hydra
 11270 | Lair:2   | Noticed a death yak
 11270 | Lair:2   | Noticed a death yak
 11301 | Lair:2   | Killed a death yak
 11308 | Lair:2   | Killed a death yak
 11347 | Lair:2   | Noticed a death yak
 11347 | Lair:2   | Noticed a death yak
 11366 | Lair:2   | Killed a death yak
 11369 | Lair:2   | Noticed a death yak
 11373 | Lair:2   | Noticed a death yak
 11386 | Lair:2   | Killed a death yak
 11392 | Lair:2   | Killed a death yak
 11400 | Lair:2   | Killed a death yak
 11469 | Lair:2   | You fall into a shaft and drop 1 floor!
 11478 | Lair:2   | Reached skill level 15 in Unarmed Combat
 11483 | Lair:2   | Noticed a four-headed hydra
 11490 | Lair:2   | Killed a four-headed hydra
 11949 | Lair:3   | Received a gift from Trog
 11956 | Lair:3   | Found a gate leading to a gauntlet.
 12179 | Lair:3   | Found a staircase to the Swamp.
 12388 | Lair:3   | Reached XP level 13. HP: 63/63 MP: 14/14
 13051 | Lair:4   | Reached skill level 16 in Unarmed Combat
 13624 | Lair:5   | Entered Level 5 of the Lair of Beasts
 13885 | Lair:5   | Received a gift from Trog
 14027 | Lair:5   | Reached skill level 10 in Shields
 14062 | Lair:5   | Found a frozen archway.
 14072 | IceCv    | Entered an ice cave
 14083 | IceCv    | Reached XP level 14. HP: 69/69 MP: 15/15
 14091 | IceCv    | Found a transporter.
 14099 | IceCv    | Found a transporter.
 14263 | Lair:5   | Found a staircase to the Slime Pits.
 14264 | Lair:5   | Found a viscous altar of Jiyva.
 14326 | Lair:5   | Reached skill level 17 in Unarmed Combat
 14639 | Lair:5   | Paralysed by a hornet for 3 turns
 14661 | Lair:5   | Identified the +7 hand axe of Gravity {vorpal, +Blink
                  | rElec} (Trog gifted it to you on level 5 of the Lair of
                  | Beasts)
 14661 | Lair:5   | Received a gift from Trog
 15449 | Orc:1    | Entered Level 1 of the Orcish Mines
 15488 | Orc:1    | Found a transporter.
 15488 | Orc:1    | Noticed casanoah's ghost (adept DjHW)
 15573 | Orc:1    | Found a transporter.
 15613 | Orc:1    | Found Zuyt's Antique Weapon Shop.
 15957 | Orc:1    | Reached skill level 18 in Unarmed Combat
 16018 | Orc:1    | Received a gift from Trog
 16073 | Orc:1    | Noticed a frost giant
 16076 | Orc:1    | Found the +6 arbalest "Damnation" {damnation}
 16085 | Orc:1    | Killed a frost giant
 16106 | Orc:1    | Identified the +1 long sword "Voabro" {antimagic, rF- Str+5
                  | SInv}
 16111 | Orc:1    | Identified the +1 hand axe "Jeuhit" {spect, Drain rElec rF+
                  | Int+4 Dex+3}
 16112 | Orc:1    | Identified the +5 lajatang "Ulelugig" {vorpal, rN+ Str+4
                  | Int+4}
 16115 | Orc:1    | Identified the +8 whip of Onkuasmu {distort, Dex+3}
 16290 | Orc:2    | Entered Level 2 of the Orcish Mines
 16446 | Orc:2    | Reached XP level 15. HP: 73/73 MP: 16/16
 16485 | Orc:2    | Found Cual Furi's Antique Armour Shoppe.
 16608 | Orc:2    | Noticed Saint Roka
 16625 | Orc:2    | Received a gift from Trog
 16626 | Orc:2    | Found Zetyzigee's Antique Weapon Shoppe.
 16632 | Orc:2    | Killed from afar by Saint Roka

Illustrated notes

Levels and vault maps discovered:
D:1:      minmay_arrival_jagged, layout_basic, ebering_ecumenical_altar_webs,
          minmay_strange_pillars, amcnicky_mini_corridor_feature,
          kennysheep_boxes
D:2:      layout_basic, dreamdust_princess_bridge, nicolae_figureground_sparkle
D:3:      layout_basic, serial_aquarium, aquarium_bridge_straight
          [aquarium_subvault_bridge, aquarium_subvault_wall,
          aquarium_subvault_bridge, aquarium_subvault_wall],
          aquarium_bridge_straight [aquarium_subvault_bridge,
          aquarium_subvault_window, aquarium_subvault_bridge,
          aquarium_subvault_balcony], aquarium_window_1, aquarium_window_fake,
          aquarium_window_fake, aquarium_view_2d, aquarium_view_2b,
          nrook_loot_triangle, minmay_diced_spiral
D:4:      layout_loops_cross, bloody_trog, grunt_ashenzari_visionary
          [grunt_ashenzari_visionary_swamp, grunt_ashenzari_visionary_spider],
          nicolae_overflow_crystal_walls, nicolae_figureground_pulse, uniq_ijyb,
          uniq_eustachio, uniq_menkaure
D:5:      wad_river_or_something, layout_loops_ring, grunt_decor_mini_mirrors,
          serial_bayou_ford_a
D:6:      layout_loops_ring, mainiacjoe_overflow_alcove_4,
          general_overflow_altar
D:7:      layout_loops_ring, lemuel_round_altar, mainiacjoe_overflow_alcove_2,
          minmay_temple_entry_nine_rooms, serial_shops, nicolae_square_shop,
          uniq_prince_ribbit1
D:8:      layout_loops_corners, nicolae_ossuary_entry_catacombs
D:9:      layout_loops_cross, grunt_qazlal_clouds,
          nicolae_concentric_dashed_squares_wild, serial_nicolae_subway,
          nicolae_sub_station_crystal, nicolae_sub_station_metal,
          nicolae_sub_station_stone, uniq_maggie
D:10:     layout_cave_pools, lemuel_crystal_altar, lair_entry_dummy,
          minmay_orc_entry_temple_small, uniq_fannar, uniq_erica
D:11:     layout_cave_pools, minivault_27, minivault_19
Lair:1:   layout_regular_city, uniq_gastronok, uniq_sonja
Lair:2:   layout_regular_city, spider_nest_entry_webs, serial_bayou_shore_b,
          grunt_megastairs_5, serial_bayou_shore_b
Lair:3:   layout_loops_ring, skrybe_swamp_entry_bodies, gauntlet_entry_generic,
          st_stairs_9, serial_bayou_pond_e
Lair:4:   layout_gridlike
Lair:5:   minmay_lair_end_enchanted_forest, layout_gridlike, slime_entry_1,
          serial_forest, infiniplex_forest_pool, infiniplex_forest_end_2,
          infiniplex_forest_clump_diagonal, infiniplex_forest_clump_small,
          infiniplex_forest_clump_tiny, portal_ice_cave_rime,
          grunt_forest_large_clearings
Orc:1:    giant_chief_lemuel, layout_caves, gammafunk_ghost_arena, serial_shops,
          nicolae_shop_overgrown_old_shop
Orc:2:    grunt_orc_community_town_hall, layout_caves,
          grunt_orc_community_big_house_2, grunt_orc_community_big_house_2,
          grunt_orc_community_house_1, grunt_orc_community_house_2,
          grunt_orc_community_house_3, grunt_orc_community_house_2,
          grunt_orc_community_house_1, grunt_orc_community_house_2,
          led_sif_book, uniq_jorgrun

Skill      XL: |  1  2  3  4  5  6  7  8  9 10 11 12 13 14 |
---------------+-------------------------------------------+-----
Fighting       | 3 4 5 |  5.9
Dodging        | 2 3 4 5 |  5.5
Stealth        | 1 2 3 |  3.2
Unarmed Combat | 4 5 6 7 9 10 12 13 15 16 18 | 18.6
Armour         | 2 3 4 5 6 7 8 9 |  9.2
Shields        | 2 4 6 8 10 11 | 11.1
Evocations     | 1 |  1.0

Action                   |  1- 3 |  4- 6 |  7- 9 | 10-12 | 13-15 || total
-------------------------+-------+-------+-------+-------+-------++-------
Melee: Unarmed           |   111 |   169 |   332 |   511 |   994 ||  2117
       Bite              |    27 |    37 |    83 |   181 |   327 ||   655
       Punch             |     1 |     3 |    11 |       |       ||    15
Invok: Berserk           |     4 |     2 |     6 |    14 |    13 ||    39
       Brothers in Arms  |       |       |       |       |     2 ||     2
Evoke: Wand              |       |       |     3 |     3 |       ||     6
  Use: Scroll            |       |     1 |     9 |     7 |     6 ||    23
       Potion            |       |       |       |     1 |     1 ||     2
 Stab: Distracted        |       |       |       |     1 |       ||     1
Armor: Animal skin       |    23 |    14 |       |       |       ||    37
       Ring mail         |       |    15 |       |       |       ||    15
       Scale mail        |       |       |   103 |    15 |       ||   118
       Plate armour      |       |       |       |   235 |   789 ||  1024
Dodge: Dodged            |    93 |   111 |   161 |   231 |   446 ||  1042
       Repelled          |       |       |     2 |       |     2 ||     4
Block: Kite shield       |       |       |    53 |   271 |   470 ||   794
       Buckler           |       |       |       |       |   198 ||   198
       Reflection        |       |       |       |       |     2 ||     2
